 Dungeon Crawl Stone Soup version 0.30-a0-760-g5a9884bb7c (webtiles) character file.

Game seed: 12261627018421196267

45 Leeroy the Slasher (level 3, -1/18 HPs)
             Began as a Vine Stalker Warper on Feb 11, 2023.
             Killed from afar by an orc wizard (7 damage)
             ... with a puff of flame
             ... on level 4 of the Dungeon.
             The game lasted 00:01:53 (1548 turns).

Leeroy the Slasher (Vine Stalker Warper)            Turns: 1548, Time: 00:01:54

Health: -1/18      AC:  3    Str: 13    XL:     3   Next: 64%
Magic:  0/7        EV: 12    Int: 13    God:
Gold:   126        SH:  0    Dex: 17    Spells: 6/6 levels left

rFire   . . .      SeeInvis .    j - +11 dagger of Piocvuzo {freeze, rN+ Dex+2}
rCold   . . .      Faith    .    (no shield)
rNeg    + . .      Spirit   +    b - +0 leather armour
rPois   .          Reflect  .    (no helmet)
rElec   .          Harm     .    (no cloak)
rCorr   .          Rampage  .    (no gloves)
Will    .....                    (no boots)
Stlth   +                        (no amulet)
HPRegen 0.23/turn                (no ring)
MPRegen 0.10/turn                (no ring)

@: no status effects
A: fangs 2, magic shield, antimagic bite, no potion heal 2
a: no special abilities


You were on level 4 of the Dungeon.
You visited 1 branch of the dungeon, and saw 4 of its levels.

You collected 126 gold pieces.

Inventory:

Hand Weapons
 a - a +0 falchion
 j - the +11 dagger of Piocvuzo (weapon) {freeze, rN+ Dex+2}
   (You found it on level 2 of the Dungeon)

   Dex:       It affects your dexterity (+2).
   rN:        It protects you from negative energy.
 k - a +0 long sword
Missiles
 d - 7 boomerangs of dispersal (quivered)
Armour
 b - a +0 leather armour (worn)
Scrolls
 f - a scroll of enchant weapon {unknown}
 g - a scroll of fear {unknown}
 h - 2 scrolls of silence {unknown}
 i - 3 scrolls of amnesia
Potions
 e - a potion of heal wounds {unknown}
 l - a potion of curing {unknown}
 m - a potion of flight {unknown}


   Skills:
 - Level 1.7 Fighting
 - Level 3.4 Long Blades
 - Level 0.8 Throwing
 - Level 0.7 Armour
 + Level 1.8 Dodging
 - Level 2.1 Spellcasting
 - Level 3.0 Translocations


You had 6 spell levels left.
You didn't know any spells.
Your spell library contained the following spells:

 Spells                   Type           Power      Damage    Failure   Level
 Blink                    Tloc           18%        N/A       14%         2
 Lesser Beckoning         Tloc           18%        N/A       14%         2
 Teleport Other           Tloc           9%         N/A       28%         3
 Sandblast                Erth           2%         2d4       32%         1
 Passwall                 Tmut/Erth      0%         N/A       43%         2
 Vhi's Electric Charge    Tloc/Air       10%        N/A       45%         3
 Stone Arrow              Conj/Erth      2%         3d7       67%         3
 Manifold Assault         Tloc           9%         N/A       67%         4


Dungeon Overview and Level Annotations

Branches:
Dungeon (4/15)
 Temple: D:4-7

Altars:

Shops:
D:1 (


Innate Abilities, Weirdness & Mutations

You have extremely sharp teeth.
When hurt, damage is shared between your health and your magic reserves.
Your bite disrupts and absorbs the magic of your enemies.
Potions cannot restore your health.


Message History

A rat and an endoplasm come into view.
The kobold shouts!
The endoplasm quivers.
You hear a shout!
The kobold throws a stone.
The stone barely misses you.
Found 2 golden potions.
The bat hits you.
A kobold comes into view. It is wielding a +0 whip.
The bat hits you.
The kobold throws a stone.
The stone hits you. The rat bites you but does no damage.
You hit the endoplasm. You freeze the endoplasm. You bite the endoplasm.
You kill the endoplasm!
The bat barely misses you.
The kobold throws a stone.
The stone closely misses you. The rat bites you but does no damage.
Found a leather armour.
The bat hits you but does no damage. The rat bites you but does no damage.
There is a stone staircase leading down here.
The bat barely misses you. The giant cockroach bites you.
The bat hits you but does no damage. The rat barely misses you.
You climb downwards.
You hear the sound of rushing water.
There is an entrance to a sewer on this level.
Hurry and find it before the portal rusts away!
The goblin shouts!
The adder hisses angrily.
The orc shouts! x2
The goblin shouts!
You hear a shout!
Found three items.
Found a stone staircase leading down.
There is a stone staircase leading up here.
You puncture the rat! You freeze the rat.
You kill the rat!
The giant cockroach bites you.
* * * LOW HITPOINT WARNING * * *
You puncture the giant cockroach! You freeze the giant cockroach.
You kill the giant cockroach!
An orc wizard comes into view. It is wielding a +0 dagger.
A jackal comes into view.
As you read the scroll labelled HIKLUD EDODEI, it crumbles to dust.
It is a scroll of amnesia.
You feel forgetful for a moment.
A jackal comes into view.
The orc wizard gestures at you while chanting.
The puff of flame hits you!
You die...

§ ##h
..#########.S..
............##
.............#.
..o...†@......?
.......$.......
o.>o...........
........g......
#..........J...
....#.?........
..###......g...
#. ..........h


You could see a jelly, an orc wizard, an adder, 2 orcs, 2 jackals and 2 goblins.

Vanquished Creatures
  An adder (D:2)
  A bat (D:2)
  2 endoplasms
  6 giant cockroaches
  3 goblins
  4 hobgoblins
  3 jackals (D:3)
  2 quokkas
  2 ball pythons (D:2)
  4 kobolds
  2 rats
30 creatures vanquished.

Notes
Turn   | Place    | Note
-------+----------+-------------------------------------------
     0 | D:1      | Leeroy the Vine Stalker Warper began the quest for the Orb.
     0 | D:1      | Reached XP level 1. HP: 11/11 MP: 4/4
   216 | D:1      | Reached XP level 2. HP: 15/15 MP: 6/6
   365 | D:1      | Found Nufo's Weapon Emporium.
   790 | D:2      | Identified the +11 dagger of Piocvuzo {freeze, rN+ Dex+2}
   953 | D:2      | Reached XP level 3. HP: 18/18 MP: 7/7
  1548 | D:4      | Killed from afar by an orc wizard

Illustrated notes

Levels and vault maps discovered:
D:1:      minmay_arrival_loop, layout_basic, serial_shops,
          nicolae_shop_bloodbath_and_beyond,
          hangedman_abyss_or_decor_lesser_grid
D:2:      layout_loops_ring, minmay_hedge_maze
D:3:      layout_rooms, okawaru_gym_becter, old_standard_altar, uniq_jessica,
          uniq_sigmund
D:4:      layout_rooms, portal_sewer_entry_a, lemuel_flame_loot_1,
          uniq_blork_the_orc

Skill      XL: |  1  2 |
---------------+-------+-----
Long Blades    | 2 3 |  3.4
Fighting       | |  1.7
Throwing       | |  0.8
Armour         | |  0.7
Dodging        | |  1.8
Spellcasting   | |  2.1
Translocations | |  3.0

Action                     || total
---------------------------++-------
  Melee: Falchion          ||    28
         Bite              ||    10
         Dagger            ||    28
         Punch             ||     2
    Use: Scroll            ||     2
 Armour: Leather armour    ||    29
  Dodge: Dodged            ||    45

Table legend: (Time is in decaauts)
 A = Elapsed time spent in this place.
 B = Non-inter-level travel time spent in this place.
 C = Inter-level travel time spent in this place.
 D = Time resting spent in this place.
 E = Time spent auto-exploring this place.
 F = Levels seen in this place.
 G = Mean time per level.
                   A        B        C        D        E       F      G
               +--------+--------+--------+--------+--------+-----+--------+
         Total |   1549 |   1426 |    123 |      0 |   1265 |   4 |  387.2 |
       Dungeon |   1549 |   1426 |    123 |      0 |   1265 |   4 |  387.2 |
               +--------+--------+--------+--------+--------+-----+--------+

Top non-repeatable levels by time:
     D:1: 793 daAuts
     D:2: 734 daAuts
     D:3: 19 daAuts
     D:4: 2 daAuts
